 Dungeon Crawl Stone Soup version 0.28-a0-529-g3bad584f25 (webtiles) character file.

Game seed: 12866258781069030473

49685 SkeletonJelly the Warrior (level 14, -8/100 (123) HPs)
             Began as a Merfolk Chaos Knight on Sept 25, 2021.
             Was a Plaything of Xom.
             Mangled by a spectral death yak (9 damage)
             ... on level 5 of the Lair of Beasts.
             The game lasted 00:59:09 (25570 turns).

SkeletonJelly the Warrior (Merfolk Chaos Knight)   Turns: 25570, Time: 00:59:10

HP:   -8/100 (123)  AC: 13    Str: 17      XL:     14   Next: 51%
MP:   14/14         EV: 15    Int: 10 (11) God:    Xom [.....*]
Gold: 560           SH: 12    Dex: 12      Spells: 13/13 levels left

rFire   + . .      SeeInvis +   a - +3 spear (chaos)
rCold   + . .      Faith    .   i - +0 kite shield
rNeg    . . .      Spirit   .   n - +3 ring mail
rPois   +          Reflect  .   (no helmet)
rElec   .          Harm     .   y - +0 cloak
rCorr   .          Rampage  .   g - +2 pair of gloves {archery}
Will    +....      Clarity  +   (no boots)
Stlth   +.........              o - amulet of the acrobat
HPRegen 2.26/turn               N - ring of see invisible
MPRegen 0.14/turn               V - +4 ring of slaying

@: heavily drained
A: (nimble swimmer 2), mertail, clarity, clumsy 1, cold resistance 1, deformed
body, fire resistance 1, poison resistance, regeneration 2, MP-powered wands
a: Renounce Religion


You were on level 5 of the Lair of Beasts.
You worshipped Xom.
You were Xom's teddy bear.
You visited 2 branches of the dungeon, and saw 18 of its levels.
You also visited: Trove.

You collected 1826 gold pieces.
You spent 1266 gold pieces at shops.

Inventory:

Hand Weapons
 a - a +3 spear of chaos (weapon)
 X - the +4 spear "Bukli" {elec, *Rage MP+9}
   (You found it on level 5 of the Lair of Beasts)

   It occasionally discharges a powerful burst of electricity upon striking a
   foe.
   MP:        It affects your magic capacity (+9).
   *Rage:     It lets you go berserk by making a melee attack (+20% chance).
Missiles
 d - 4 curare-tipped darts
 q - 10 boomerangs
 A - 76 poisoned darts
 H - 7 javelins
 K - 3 throwing nets
 Y - 2 datura-tipped darts
Armour
 b - the -2 pair of gloves "Ithea" {Contam rCorr Str+5 Stlth+}
   (You found it on level 11 of the Dungeon)

   Str:       It affects your strength (+5).
   Contam:    It causes magical contamination when unequipped.
   rCorr:     It protects you from acid and corrosion.
   Stlth:     It makes you more stealthy.
 g - a +2 pair of gloves of archery (worn)
 i - a +0 kite shield (worn)
 n - a +3 ring mail (worn)
 x - a +3 leather armour of cold resistance
 y - a +0 cloak (worn)
Jewellery
 f - a ring of resist corrosion
 m - the ring of Dacisat {Fire MP+9 Int+3 Dex+4}
   (You found it in a treasure trove)

   [ring of fire]

   It enhances your fire magic.
   Int:       It affects your intelligence (+3).
   Dex:       It affects your dexterity (+4).
   rF:        It protects you from fire.
   rC:        It makes you vulnerable to cold.
   MP:        It affects your magic capacity (+9).
 o - an amulet of the acrobat (around neck)
 p - the ring of the Mage {Wiz Will++ Int+3}
   (You found it in a treasure trove)

   [ring of wizardry]

   It improves your spell success rate.
   Int:       It affects your intelligence (+3).
   Will:      It greatly increases your willpower.
 G - a ring of ice
 N - a ring of see invisible (left hand)
 O - an amulet of reflection
 P - the ring of the Garden {rN+ Dex+3}
   (You found it on level 11 of the Dungeon)

   [ring of positive energy]

   Dex:       It affects your dexterity (+3).
   rN:        It protects you from negative energy.
 V - a +4 ring of slaying (right hand)
 W - a ring of flight
Wands
 L - a wand of charming (11)
 M - a wand of digging (7) (quivered)
 R - a wand of flame (45)
 S - a wand of iceblast (15)
 T - a wand of paralysis (9)
 U - a wand of polymorph (10)
 Z - a wand of mindburst (12)
Scrolls
 c - 20 scrolls of identify
 h - 4 scrolls of amnesia
 j - 4 scrolls of teleportation
 k - a scroll of fog
 l - a scroll of enchant armour
 u - a scroll of magic mapping
 J - 4 scrolls of immolation
Potions
 e - a potion of haste
 r - a potion of invisibility
 s - 2 potions of ambrosia
 t - 5 potions of flight
 v - 5 potions of cancellation
 w - 3 potions of curing
 B - a potion of resistance {unknown}
 C - 3 potions of heal wounds
 D - a potion of magic
 E - 3 potions of brilliance
 F - 2 potions of might {unknown}
 I - a potion of lignification
Miscellaneous
 z - a phantom mirror
 Q - a condenser vane


   Skills:
 - Level 15.0 Fighting
 - Level 12.0 Polearms
 - Level 11.0 Armour
 - Level 12.0 Dodging
 + Level 14.3 Shields


You had 13 spell levels left.
You didn't know any spells.
Your spell library contained the following spells:

 Spells                   Type           Power      Damage    Failure   Level
 Freeze                   Ice            0%         1d3       54%         1
 Sandblast                Erth           0%         2d4       54%         1
 Shock                    Conj/Air       0%         1d3       54%         1
 Sting                    Tmut/Pois      0%         1d3       54%         1
 Summon Small Mammal      Summ           0%         N/A       54%         1
 Passwall                 Tmut/Erth      0%         N/A       69%         2
 Poisonous Vapours        Pois/Air       0%         N/A       69%         2
 Slow                     Hex            0%         N/A       69%         2
 Call Canine Familiar     Summ           0%         N/A       89%         3
 Confusing Touch          Hex            0%         N/A       89%         3
 Frozen Ramparts          Ice            0%         1d2       89%         3
 Gell's Gravitas          Tloc           0%         N/A       89%         3
 Lesser Beckoning         Tloc           0%         N/A       89%         3
 Portal Projectile        Hex/Tloc       0%         N/A       89%         3
 Stone Arrow              Conj/Erth      0%         3d7       89%         3
 Summon Guardian Golem    Hex/Summ       0%         N/A       89%         3
 Swiftness                Air            0%         N/A       89%         3
 Teleport Other           Tloc           0%         N/A       89%         3
 Vampiric Draining        Necr           0%         2d6       89%         3
 Airstrike                Air            0%         N/A       100%        4
 Animate Armour           Summ/Erth      0%         N/A       100%        4
 Hailstorm                Conj/Ice       0%         3d3       100%        4
 Leda's Liquefaction      Hex/Erth       0%         N/A       100%        4
 Olgreb's Toxic Radiance  Pois           0%         N/A       100%        4
 Summon Lightning Spire   Summ/Air       0%         N/A       100%        4
 Fireball                 Conj/Fire      0%         3d3       100%        5
 Freezing Cloud           Conj/Ice/Air   0%         6-21      100%        5
 Lightning Bolt           Conj/Air       0%         1d11      100%        5
 Conjure Ball Lightning   Conj/Air       0%         3x3d6     100%        6
 Simulacrum               Ice/Necr       0%         N/A       100%        6
 Haunt                    Necr/Summ      0%         N/A       100%        7
 Storm Form               Tmut/Air       0%         N/A       100%        7
 Discord                  Hex            0%         N/A       100%        8
 Disjunction              Tloc           0%         N/A       100%        8
 Lehudib's Crystal Spear  Conj/Erth      0%         10d2      100%        8
 Maxwell's Capacitive Co  Air            0%         ∞         100%        8
 Polar Vortex             Ice            0%         N/A       100%        9


Dungeon Overview and Level Annotations

Branches:
Dungeon (12/15)            Temple (0/1) D:5            Lair (6/6) D:8
  Swamp (0/4) Lair:3        Snake (0/4) Lair:2        Slime (0/5) Lair:5
    Orc (0/2) D:12

Altars:
Cheibriados
Gozag
Hepliaklqana
Kikubaaqudgha
Nemelex Xobeh
Okawaru
Ru
Sif Muna
Uskayaw
Wu Jian
Xom
Zin
The Shining One
Beogh

Shops:
D:1 ?   D:3 [   D:6 [[=

Annotations:
D:3 1 runed translucent door, swinepaste's ghost, amateur DsBe
D:9 6 runed translucent doors, swinepaste's ghost, novice DsBe


Innate Abilities, Weirdness & Mutations

((You are quick and stealthy near water. (Stealth+, EV+, Speed+++)))
Your lower body shifts to a powerful aquatic tail in water.
You possess an exceptional clarity of mind.
You are clumsy. (Dex -2)
Your flesh is cold resistant. (rC+)
Armour fits poorly on your strangely shaped body.
Your flesh is heat resistant. (rF+)
Your system is resistant to poisons. (rPois)
You heal very quickly.
You expend magic power (3 MP) to strengthen your wands.


Message History

You block the death yak's attack.
You hit the death yak. You burn the death yak.
The death yak is almost dead.
You block the death yak's attack.
You barely miss the death yak.
The death yak is almost dead.
You impale the death yak!! You burn the death yak.
You kill the death yak!
You regained 2 hp, and now have 59/109 hp.
No target in view!
No target in view!
No target in view!
No target in view!
No target in view!
A spectral death yak comes into view.
You regained 34 hp, and now have 93/109 hp.
A spectral death yak is nearby!
A spectral death yak is nearby!
A spectral death yak is nearby!
A spectral death yak is nearby!
A spectral death yak is nearby! "Let's see if it's strong enough to survive yet."
You are now Xom's teddy bear.
You regained 2 hp, and now have 95/109 hp.
You closely miss the yak.
The yak bellows! x3
You hit the yak but do no damage. The yak closely misses you.
You hit the yak. You freeze the yak.
The yak is lightly wounded.
Being near the torpor snail leaves you feeling lethargic.
You hit the yak.
The yak is moderately wounded.
The yak gores you! The yak closely misses you.
You take 8 damage, and have 90/109 hp.
You hit the yak but do no damage.
The yak seems to speed up.
Xom thinks this is hilarious!
The yak is moderately wounded.
The yak gores you! You block the yak's attack.
You block the torpor snail's attack. The yak gores you.
You take 12 damage, and have 78/109 hp.
You hit the yak.
The yak is heavily wounded.
You block the yak's attack.
The yak snorts and paws the ground.
You block the yak's attack.
You regained 2 hp, and now have 80/109 hp.
You puncture the yak!
The yak is severely wounded.
You block the yak's attack. x2
You block the spectral death yak's attack.
The torpor snail bites you but does no damage.
You regained 2 hp, and now have 82/109 hp. "Serve the mortal, my children!"
The yak barely misses your quasit. The yak gores your quasit!
The yak closely misses you. The yak barely misses your quasit.
The spectral death yak closely misses you.
The yak gores your quasit!
Your quasit dies!
Your quasit disappears in a puff of smoke!
You block the yak's attack.
There is a stone staircase leading up here.
You regained 3 hp, and now have 85/109 hp.
The yak misses you. The spectral death yak gores you!
You feel drained. The yak barely misses you. You block the yak's attack.
You block the spectral death yak's attack.
The torpor snail bites you!
You climb upwards.
You feel yourself speed up.
There is a stone staircase leading down here.
You take 15 damage, and have 70/106 hp.
You hit the spectral death yak.
The spectral death yak is lightly damaged.
You regained 2 hp, and now have 72/106 hp.
You hit the spectral death yak. You burn the spectral death yak.
The spectral death yak is lightly damaged.
The spectral death yak barely misses you.
You hit the spectral death yak but do no damage.
The spectral death yak is lightly damaged.
You hit the spectral death yak.
The spectral death yak seems to grow stronger.
The spectral death yak is moderately damaged.
The spectral death yak gores you!!
You take 27 damage, and have 47/106 hp.
MASSIVE DAMAGE!!
You puncture the spectral death yak! You burn the spectral death yak.
The spectral death yak is moderately damaged.
You hit the spectral death yak but do no damage.
The spectral death yak is moderately damaged.
The spectral death yak gores you!!
* * * LOW HITPOINT WARNING * * *
You take 19 damage, and have 29/106 hp.
You hit the spectral death yak.
The spectral death yak is moderately damaged.
You hit the spectral death yak but do no damage.
The spectral death yak is unaffected.
The spectral death yak is moderately damaged.
The spectral death yak gores you!!
* * * LOW HITPOINT WARNING * * *
You feel drained.
You die...
Xom cackles wildly!

##### #....^...#.#.<
#≈≈≈###P.........##.
###≈#≈#..............
##..≈≈...≈....####.###
###≈≈≈≈≈≈≈≈...### ###
# #..≈≈≈≈≈≈≈≈≈...#
##..≈≈≈≈≈≈≈≈≈..##
#...≈≈≈...≈≈≈..##
#≈≈≈≈≈≈≈@.≈≈≈≈.P#
##≈.≈≈≈Z.≈≈≈≈...##
##≈≈≈≈≈≈≈≈≈≈....#
#≈..≈≈≈≈≈≈≈.....#
###..≈≈≈≈≈≈.#####
#...≈.≈≈≈.≈#
####≈####≈## ### ###


You could see a spectral death yak (strong).

Vanquished Creatures
  Josephine (D:12)
  3 hydras
  A boulder beetle (Lair:6)
  3 two-headed ogres
  A death knight (D:12)
  3 death yaks
  3 spectral death yaks (Lair:6)
  A fire crab (Lair:4)
  A phantasmal warrior (D:12)
  Pikel (D:5)
  8 ugly things
  A cyclops (D:11)
  6 elephants
  5 black mambas
  A torpor snail (Lair:6)
  4 centaur zombies
  A guardian serpent (shapeshifter) (Lair:5)
  11 cane toads
  2 gargoyles
  Maggie (Lair:2)
  4 rime drakes
  5 komodo dragons
  A polar bear (Lair:3)
  5 trolls
  3 tyrant leeches (Lair:3)
  A hornet (D:9)
  11 dream sheep
  A dream sheep (shapeshifter) (D:12)
  13 blink frogs
  A spriggan (Lair:3)
  Eustachio (D:4)
  3 vampires
  29 yaks
  7 wraiths (D:12)
  A wyvern (D:10)
  2 fire bats
  A golden eye (Lair:6)
  3 steam dragons
  5 vampire mosquitoes
  2 swamp worms (Lair:3)
  An acid dragon (shapeshifter) (Lair:5)
  9 water moccasins
  3 acid dragons
  Duvessa (D:4)
  2 ice beasts
  6 orc warriors
  3 black bears
  2 elephant zombies (Lair:6)
  A hornet zombie (D:8)
  A sky beast (D:7)
  2 ogres
  24 wolves
  An elephant skeleton (Lair:6)
  4 centaurs
  A phantom (D:6)
  A lemure (D:5)
  2 kobold brigands
  Blork the orc (D:4)
  9 bullfrogs
  3 scorpions
  Dowan (D:4)
  A wyvern skeleton (D:5)
  6 killer bees
  An elephant simulacrum (Lair:6)
  9 wights
  A howler monkey (D:5)
  4 electric eels (Lair:1)
  A jelly (D:6)
  A hound (D:7)
  6 orc priests
  A jelly (shapeshifter) (Lair:3)
  A centaur skeleton (D:5)
  Natasha (thrice) (D:2)
  2 iguanas (D:5)
  4 orc wizards
  10 hell rats
  A howler monkey zombie (D:9)
  2 howler monkey skeletons
  8 adders
  A river rat (Lair:3)
  4 white imps
  An ufetubus (D:4)
  2 worms (D:3)
  5 dart slugs
  52 orcs
  2 endoplasms
  3 giant cockroaches
  6 goblins
  6 hobgoblins
  3 jackals (D:4)
  18 kobolds
  4 quokkas
  6 ball pythons
  6 bats
  2 frilled lizards
  A goblin skeleton (D:8)
  A goblin zombie (D:8)
  2 hobgoblin zombies (D:8)
  A kobold skeleton (D:8)
  3 kobold zombies (D:8)
  4 orc skeletons (D:8)
  An orc zombie (D:8)
  8 rats
439 creatures vanquished.

Vanquished Creatures (collateral kills)
  A hydra (Lair:2)
  A death yak (Lair:6)
  A centaur zombie (D:11)
  A cane toad (Lair:3)
  2 blink frogs (Lair:5)
  2 steam dragons (D:6)
  A swamp drake (D:6)
  A howler monkey (D:6)
  An orc wizard (D:6)
  A white imp (D:6)
  A kobold (D:8)
  A butterfly (Lair:5)
14 creatures vanquished.

Vanquished Creatures (others)
  A dancing weapon (D:12)
  A water moccasin (Lair:5)
  31 fungi
  43 plants
  31 withered plants (Lair:6)
107 creatures vanquished.

Grand Total: 560 creatures vanquished

Notes
Turn   | Place    | Note
-------+----------+-------------------------------------------
     0 | D:1      | SkeletonJelly the Merfolk Chaos Knight began the quest for
                  | the Orb.
     0 | D:1      | Reached XP level 1. HP: 18/18 MP: 1/1
    25 | D:1      | Reached XP level 2. HP: 13/24 MP: 2/2
   219 | D:1      | Found Penigar's Magic Scroll Boutique.
   242 | D:1      | Reached skill level 5 in Polearms
   441 | D:1      | Reached XP level 3. HP: 27/29 MP: 3/3
   618 | D:2      | XOM: noise
   691 | D:2      | Noticed Natasha
   721 | D:1      | XOM: cloud trail
   754 | D:1      | XOM: silly message
  1089 | D:2      | Killed Natasha
  1090 | D:2      | Reached XP level 4. HP: 37/37 MP: 4/4
  1100 | D:2      | Noticed Natasha
  1106 | D:2      | Killed Natasha
  1107 | D:2      | Reached skill level 4 in Fighting
  1484 | D:2      | Noticed Natasha
  1489 | D:2      | XOM: confuse monster(s)
  1498 | D:2      | Killed Natasha
  1499 | D:2      | Reached XP level 5. HP: 38/42 MP: 5/5
  1597 | D:2      | XOM: 2-stop teleportation journey
  1665 | D:3      | Found a runed translucent door.
  1665 | D:3      | Noticed swinepaste's ghost (amateur DsBe)
  1670 | D:3      | Found Tuyntaag's Armour Shop.
  1823 | D:3      | Found a faded altar of an unknown god.
  1953 | D:3      | Noticed a +0 falchion
  1954 | D:3      | Noticed a +0 short sword
  1954 | D:3      | Noticed a +0 falchion
  1961 | D:3      | Found a hide-covered altar of Uskayaw.
  1961 | D:3      | Noticed a +0 dagger
  1962 | D:3      | Noticed a +0 dagger
  1963 | D:3      | Noticed a +0 short sword
  1964 | D:3      | Noticed a +0 spear
  1965 | D:3      | Noticed a +0 spear
  2106 | D:3      | Found a snail-covered altar of Cheibriados.
  2260 | D:3      | Found a sparkling altar of Nemelex Xobeh.
  2367 | D:4      | XOM: polymorph jackal -> dart slug
  2372 | D:4      | Noticed an ogre
  2388 | D:4      | Killed an ogre
  2389 | D:4      | Reached XP level 6. HP: 27/49 MP: 6/6
  2644 | D:4      | Noticed Blork the orc
  2645 | D:4      | Noticed Eustachio
  2647 | D:4      | XOM: enchant monster (bad)
  2782 | D:4      | Killed Blork the orc
  2783 | D:4      | Reached skill level 5 in Dodging
  3002 | D:4      | Noticed Dowan
  3002 | D:4      | XOM: noise
  3005 | D:4      | Noticed Duvessa
  3075 | D:4      | XOM: cast spell 'Dispersal'
  3088 | D:4      | XOM: enchant monster (bad)
  3096 | D:4      | XOM: potion effect (haste)
  3129 | D:4      | Killed Eustachio
  3130 | D:4      | Reached skill level 5 in Fighting
  3130 | D:4      | Reached XP level 7. HP: 56/56 MP: 7/7
  3275 | D:5      | Entered Level 5 of the Dungeon
  3300 | D:5      | XOM: enchant monster (good)
  3389 | D:5      | Found an iron altar of Okawaru.
  3554 | D:5      | XOM: potion effect (curing)
  3637 | D:5      | Found a shimmering blue altar of Sif Muna.
  3643 | D:5      | XOM: potion effect (might)
  3645 | D:5      | XOM: enchant monster (bad)
  3798 | D:5      | Noticed Pikel
  3809 | D:5      | XOM: cast spell 'Olgreb's Toxic Radiance'
  3819 | D:5      | XOM: summons friendly quasit
  3829 | D:5      | Killed Pikel
  3830 | D:5      | Reached skill level 6 in Fighting
  3830 | D:5      | Reached XP level 8. HP: 61/65 MP: 8/8
  4093 | D:5      | Found an ancient bone altar of Kikubaaqudgha.
  4217 | D:5      | Found a staircase to the Ecumenical Temple.
  4415 | D:5      | Reached skill level 7 in Fighting
  4556 | D:5      | XOM: blink monster(s)
  4617 | D:5      | Found a sacrificial altar of Ru.
  4864 | D:6      | XOM: enchant monster (good)
  4867 | D:6      | Found Nyuts's Armour Boutique.
  4897 | D:6      | XOM: polymorph sky beast -> fire bat
  4903 | D:6      | Reached skill level 8 in Fighting
  4903 | D:6      | Reached XP level 9. HP: 69/74 MP: 9/9
  4976 | D:6      | XOM: scenery: summon butterflies
  4986 | D:6      | XOM: polymorph steam dragon -> swamp drake
  4988 | D:6      | XOM: enchant monster (good)
  4999 | D:6      | XOM: scenery: summon butterflies
  5001 | D:6      | XOM: 2-stop teleportation journey
  5039 | D:5      | XOM: scenery: create altars
  5251 | D:6      | Reached skill level 9 in Fighting
  5418 | D:6      | Found Caliosuf's Armour Boutique.
  5481 | D:6      | Found a glowing silver altar of Zin.
  5544 | D:6      | Found Sothrif's Jewellery Emporium.
  5602 | D:6      | XOM: give mutations
  5602 | D:6      | Gained mutation: You expend magic power (3 MP) to
                  | strengthen your wands. [Xom's grace]
  5602 | D:6      | Gained mutation: Your flesh is heat resistant. (rF+) [Xom's
                  | grace]
  5602 | D:6      | Gained mutation: You have a pair of small horns on your
                  | head. [Xom's grace]
  5650 | D:7      | XOM: enchant monster (good)
  5658 | D:7      | XOM: summons friendly white imp
  5669 | D:7      | XOM: divination: detect creatures
  5951 | D:7      | Reached skill level 10 in Fighting
  5965 | D:7      | XOM: cast spell 'Chain of Chaos'
  6006 | D:7      | XOM: destruction
  6047 | D:7      | Noticed a troll
  6048 | D:7      | XOM: potion effect (haste)
  6089 | D:7      | XOM: swap monsters
  6120 | D:7      | XOM: 5-stop teleportation journey
  6375 | D:7      | Found an opulent altar of Gozag.
  6387 | D:7      | Noticed a troll
  6398 | D:7      | Killed a troll
  6399 | D:7      | Reached skill level 11 in Fighting
  6567 | D:7      | XOM: cleaving
  6574 | D:7      | Killed a troll
  6575 | D:7      | Reached skill level 12 in Fighting
  6575 | D:7      | Reached XP level 10. HP: 67/89 MP: 10/10
  6623 | D:7      | Found an ornate altar of the Wu Jian Council.
  6623 | D:7      | XOM: 1-stop teleportation journey
  6845 | D:7      | XOM: silly message
  7159 | D:7      | Found a shimmering altar of Xom.
  7160 | D:7      | Found a hazy altar of Hepliaklqana.
  7161 | D:7      | Noticed a spectral ugly thing
  7342 | D:8      | XOM: scenery: create altars
  7347 | D:8      | Reached skill level 13 in Fighting
  7413 | D:7      | XOM: summons 6 hostile demons
  7580 | D:4      | XOM: scenery: summon butterflies
  7593 | D:4      | Killed Duvessa
  7596 | D:4      | Killed Dowan
  8222 | D:8      | XOM: cast spell 'Call Canine Familiar'
  8353 | D:8      | XOM: give mutations
  8353 | D:8      | Gained mutation: You sometimes lose the ability to read
                  | scrolls when taking damage. [Xom's mischief]
  8353 | D:8      | Lost mutation: You expend magic power (3 MP) to strengthen
                  | your wands. [Xom's mischief]
  8353 | D:8      | Lost mutation: Your flesh is heat resistant. (rF+) [Xom's
                  | mischief]
  8476 | D:8      | XOM: silly message
  8489 | D:8      | Found a glowing golden altar of the Shining One.
  8530 | D:8      | XOM: divination: magic mapping
  8546 | D:8      | XOM: silly message
  8635 | D:8      | Found a staircase to the Lair.
  8733 | D:8      | XOM: silly message
  8918 | D:9      | Found a runed translucent gate.
  8918 | D:9      | Found a runed translucent gate.
  8918 | D:9      | Found a runed translucent gate.
  8919 | D:9      | Noticed a purple ugly thing
  8919 | D:9      | Noticed a brown ugly thing
  8919 | D:9      | Noticed a green ugly thing
  8919 | D:9      | Noticed a brown ugly thing
  8920 | D:9      | Noticed a red ugly thing
  8930 | D:9      | Noticed a gargoyle
  8944 | D:9      | Killed a gargoyle
  8945 | D:9      | Reached skill level 14 in Fighting
  9161 | D:9      | XOM: noise
  9206 | D:9      | XOM: confuse monster(s)
  9324 | D:9      | XOM: 3-stop teleportation journey
  9357 | D:9      | XOM: divination: detect items
  9704 | D:9      | XOM: silly message
  9718 | D:9      | Reached skill level 5 in Armour
 10109 | D:9      | XOM: cast spell 'Summon Small Mammal'
 10229 | D:9      | XOM: divination: magic mapping
 10362 | D:9      | XOM: silly message
 10424 | D:9      | XOM: silly message
 10462 | D:10     | Entered Level 10 of the Dungeon
 10484 | D:10     | XOM: silly message
 10538 | D:10     | XOM: confuse monster(s)
 10823 | D:10     | Noticed a two-headed ogre
 10824 | D:10     | XOM: confusion (+ monsters)
 10834 | D:10     | XOM: confuse monster(s)
 10934 | D:10     | Reached XP level 11. HP: 63/89 MP: 11/11
 11144 | D:10     | XOM: enchant monster (bad)
 11178 | D:9      | XOM: blink monster(s)
 11194 | D:9      | Killed a two-headed ogre
 11282 | D:9      | XOM: scenery: create altars
 11522 | D:9      | XOM: scenery: 3 doors open
 11526 | D:9      | Lost mutation: You sometimes lose the ability to read
                  | scrolls when taking damage. [potion of mutation]
 11526 | D:9      | Gained mutation: Your magical capacity is low. (-10% MP)
                  | [potion of mutation]
 11526 | D:9      | Gained mutation: You are resistant to electric shocks.
                  | (rElec) [potion of mutation]
 11528 | D:9      | Identified a scroll of acquirement
 11535 | D:9      | XOM: destruction
 11539 | D:9      | Killed a red ugly thing
 11540 | D:9      | XOM: potion effect (curing)
 11544 | D:9      | Killed a cyan ugly thing
 11548 | D:9      | Killed a brown ugly thing
 11562 | D:9      | Killed a brown ugly thing
 11840 | D:9      | Found a runed translucent gate.
 11840 | D:9      | Found a runed translucent gate.
 11841 | D:9      | Noticed a death drake
 11843 | D:9      | Noticed swinepaste's ghost (novice DsBe)
 11843 | D:9      | Noticed a two-headed ogre
 11843 | D:9      | a death drake changed into a two-headed ogre
 11846 | D:9      | Noticed a deep troll
 11846 | D:9      | Noticed a deep troll
 11846 | D:9      | a two-headed ogre changed into a deep troll
 11847 | D:9      | Found a runed translucent gate.
 11847 | D:9      | XOM: enchant monster (bad)
 11849 | D:9      | Noticed a cyclops
 11849 | D:9      | a dream sheep changed into a cyclops
 11849 | D:9      | Noticed a glowing orange brain
 11849 | D:9      | a deep troll changed into a glowing orange brain
 11853 | D:9      | Noticed a deep troll
 11853 | D:9      | a glowing orange brain changed into a deep troll
 11855 | D:9      | a cyclops changed into a wind drake
 11863 | D:9      | Noticed an anaconda
 11863 | D:9      | a deep troll changed into an anaconda
 11869 | D:9      | Killed a green ugly thing
 11877 | D:9      | an anaconda changed into a torpor snail
 11893 | D:9      | Noticed a shining eye
 11893 | D:9      | a merfolk changed into a shining eye
 11899 | D:9      | Noticed a manticore
 11899 | D:9      | a shining eye changed into a manticore
 11900 | D:9      | Noticed a faun
 11900 | D:9      | a manticore changed into a faun
 11905 | D:9      | a deep troll changed into a slime creature
 11909 | D:9      | a faun changed into a dream sheep
 11920 | D:9      | Noticed a fire crab
 11920 | D:9      | a jumping spider changed into a fire crab
 11924 | D:9      | a fire crab changed into a tarantella
 11959 | D:9      | XOM: cloud trail
 11973 | D:9      | Noticed a manticore
 11973 | D:9      | a tarantella changed into a manticore
 12023 | D:9      | Noticed a moth of wrath
 12023 | D:9      | a manticore changed into a moth of wrath
 12026 | D:9      | Noticed an ice dragon
 12026 | D:9      | a moth of wrath changed into an ice dragon
 12050 | D:9      | Noticed a wolf spider
 12050 | D:9      | an ice dragon changed into a wolf spider
 12067 | D:9      | Noticed a deep troll
 12067 | D:9      | a slime creature changed into a deep troll
 12073 | D:9      | a deep troll changed into a snapping turtle
 12109 | D:9      | a wolf spider changed into a merfolk
 12170 | D:9      | Noticed an entropy weaver
 12170 | D:9      | a merfolk changed into an entropy weaver
 12185 | D:9      | Noticed a satyr
 12185 | D:9      | an entropy weaver changed into a satyr
 12189 | D:9      | Noticed a fire crab
 12189 | D:9      | a raiju changed into a fire crab
 12197 | D:9      | Noticed a lindwurm
 12197 | D:9      | a fire crab changed into a lindwurm
 12199 | D:9      | a lindwurm changed into a guardian serpent
 12210 | D:9      | Noticed a death drake
 12210 | D:9      | a komodo dragon changed into a death drake
 12214 | D:9      | a death drake changed into a dream sheep
 12217 | D:9      | Noticed a lindwurm
 12217 | D:9      | a dream sheep changed into a lindwurm
 12218 | D:9      | a lindwurm changed into an eye of devastation
 12224 | D:9      | Noticed a glowing shapeshifter
 12224 | D:9      | an eye of devastation changed into a glowing shapeshifter
 12225 | D:9      | Noticed a cyclops
 12225 | D:9      | a glowing shapeshifter changed into a cyclops
 12226 | D:9      | Noticed a shining eye
 12226 | D:9      | a cyclops changed into a shining eye
 12230 | D:9      | Noticed a shock serpent
 12230 | D:9      | a shining eye changed into a shock serpent
 12234 | D:9      | Noticed a moth of wrath
 12234 | D:9      | a shock serpent changed into a moth of wrath
 12310 | D:10     | XOM: potion effect (invisibility)
 12592 | D:10     | Found a portal to a secret trove of treasure.
 12592 | D:10     | XOM: 1-stop teleportation journey
 12967 | D:11     | Noticed a red ugly thing
 12968 | D:11     | Noticed a purple ugly thing
 12968 | D:11     | XOM: fog
 12973 | D:11     | XOM: cast spell 'Summon Hydra'
 12990 | D:11     | XOM: summons 3 friendly demons
 12998 | D:11     | Killed a purple ugly thing
 12999 | D:11     | Reached skill level 10 in Armour
 13004 | D:11     | Killed a purple ugly thing
 13241 | D:11     | Noticed a two-headed ogre
 13243 | D:11     | XOM: 1-stop teleportation journey
 13244 | D:11     | XOM: fog
 13250 | D:11     | Killed a two-headed ogre
 13452 | D:11     | XOM: divination: magic mapping
 13460 | D:11     | Noticed a cyclops
 13465 | D:11     | Killed a cyclops
 13502 | D:11     | Identified the ring of the Garden {rN+ Dex+3}
 13585 | D:11     | XOM: give mutation
 13585 | D:11     | Gained mutation: Your flesh is cold resistant. (rC+) [Xom's
                  | grace]
 13996 | D:11     | XOM: summons friendly ufetubus
 14065 | D:11     | Identified the -2 pair of gloves "Ithea" {Contam rCorr
                  | Str+5 Stlth+}
 14111 | D:12     | Noticed a cyclops
 14111 | D:12     | Noticed a green ugly thing
 14111 | D:12     | Noticed a death knight
 14111 | D:12     | Noticed a phantasmal warrior
 14131 | D:11     | Killed a green ugly thing
 14207 | D:12     | XOM: cast spell 'Death Channel'
 14212 | D:12     | XOM: scenery: create altars
 14212 | D:12     | HP: 2/100 [phantasmal warrior[a death knight] (19)]
 14218 | D:12     | Killed a phantasmal warrior
 14219 | D:12     | XOM: summons friendly ufetubus
 14234 | D:12     | XOM: confusion (+ monsters)
 14664 | D:12     | HP: 3/100 [gargoyle/stone arrow (13)]
 14666 | D:12     | Reached XP level 12. HP: 4/107 MP: 10/10
 14701 | D:11     | XOM: give mutations
 14701 | D:11     | Gained mutation: You are clumsy. (Dex -2) [Xom's mischief]
 14701 | D:11     | Gained mutation: You are weak. (Str -2) [Xom's mischief]
 14701 | D:11     | Gained mutation: You occasionally shout uncontrollably at
                  | your foes. [Xom's mischief]
 14839 | D:11     | XOM: give mutations
 14839 | D:11     | Lost mutation: You are resistant to electric shocks.
                  | (rElec) [Xom's mischief]
 14839 | D:11     | Gained mutation: You possess an exceptional clarity of
                  | mind. [Xom's mischief]
 14839 | D:11     | Gained mutation: You are very weak. (Str -4) [Xom's
                  | mischief]
 14951 | D:11     | XOM: summons 1 hostile shadow creature
 15083 | D:12     | XOM: swap monsters
 15252 | D:12     | XOM: summons 5 hostile demons
 15253 | D:12     | Noticed a sun demon
 15362 | D:12     | XOM: stat loss: -1 Dex (11/12)
 15419 | D:12     | Found a staircase to the Orcish Mines.
 15428 | D:12     | XOM: polymorph orc -> jackal
 15436 | D:12     | XOM: enchant monster (bad)
 15468 | D:12     | XOM: polymorph jackal -> bat
 15472 | D:12     | XOM: noise
 15475 | D:12     | XOM: swap monsters
 15488 | D:12     | XOM: potion effect (invisibility)
 15500 | D:12     | XOM: potion effect (invisibility)
 15502 | D:12     | Killed a death knight
 15506 | D:12     | XOM: silly message
 15508 | D:12     | XOM: potion effect (heal wounds)
 15844 | D:12     | Noticed a two-headed ogre
 15862 | D:12     | Killed a two-headed ogre
 15863 | D:12     | Reached skill level 10 in Dodging
 16263 | D:12     | Noticed Josephine
 16265 | D:12     | XOM: enchant monster (bad)
 16267 | D:12     | XOM: chaos upgrade
 16270 | D:12     | XOM: fake destruction
 16277 | D:12     | XOM: scenery: create altars
 16622 | D:12     | XOM: potion effect (haste)
 16638 | D:12     | Killed Josephine
 16649 | D:12     | XOM: enchant monster (good)
 16655 | D:12     | XOM: swap monsters
 16661 | D:12     | XOM: potion effect (might)
 17113 | Lair:1   | Entered Level 1 of the Lair of Beasts
 17262 | Lair:1   | Reached skill level 1 in Shields
 17267 | Lair:1   | XOM: cleaving
 17615 | Lair:1   | XOM: polymorph bullfrog -> killer bee
 17634 | Lair:1   | XOM: enchant monster (good)
 17641 | Lair:1   | XOM: confuse monster(s)
 17972 | Lair:1   | XOM: polymorph yak -> fire bat
 17982 | Lair:1   | XOM: cast spell 'Death Channel'
 18185 | Lair:1   | XOM: god gift: phantom mirror
 18361 | Lair:1   | XOM: confuse monster(s)
 18368 | Lair:1   | Reached skill level 5 in Shields
 18659 | Lair:1   | XOM: give mutations
 18659 | Lair:1   | Lost mutation: Your magical capacity is low. (-10% MP)
                  | [Xom's mischief]
 18659 | Lair:1   | Gained mutation: Armour fits poorly on your strangely
                  | shaped body. [Xom's mischief]
 18659 | Lair:1   | Lost mutation: You occasionally shout uncontrollably at
                  | your foes. [Xom's mischief]
 18911 | Lair:2   | Noticed Maggie
 18911 | Lair:2   | Noticed a five-headed hydra
 18911 | Lair:2   | XOM: cast spell 'Cause Fear'
 18941 | Lair:2   | XOM: summons friendly white imp
 18966 | Lair:1   | Killed a five-headed hydra
 19014 | Lair:2   | Killed Maggie
 19221 | Lair:2   | XOM: 2-stop teleportation journey
 19249 | Lair:2   | XOM: confuse monster(s)
 19269 | Lair:2   | XOM: divination: magic mapping
 19294 | Lair:2   | XOM: give mutations
 19294 | Lair:2   | Gained mutation: You expend magic power (3 MP) to
                  | strengthen your wands. [Xom's grace]
 19294 | Lair:2   | Gained mutation: Your natural rate of healing is unusually
                  | fast. [Xom's grace]
 19329 | Lair:2   | Found a staircase to the Snake Pit.
 19330 | Lair:2   | Noticed a four-headed hydra
 19330 | Lair:2   | XOM: summons 9 friendly demons
 19344 | Lair:2   | Killed a four-headed hydra
 19361 | Lair:2   | XOM: give mutations
 19361 | Lair:2   | Lost mutation: You are very weak. (Str -4) [Xom's grace]
 19361 | Lair:2   | Gained mutation: Your system is resistant to poisons.
                  | (rPois) [Xom's grace]
 19422 | Lair:2   | XOM: god gift: scroll of teleportation
 19552 | Lair:2   | XOM: 6-stop teleportation journey
 19751 | Lair:2   | XOM: give mutations
 19751 | Lair:2   | Lost mutation: You are weak. (Str -2) [Xom's grace]
 19751 | Lair:2   | Gained mutation: Your flesh is heat resistant. (rF+) [Xom's
                  | grace]
 19800 | Lair:2   | XOM: swap monsters
 19818 | Lair:2   | Reached XP level 13. HP: 97/113 MP: 13/13
 19974 | Lair:2   | XOM: confuse monster(s)
 20004 | Lair:2   | XOM: divination: detect items
 20013 | Lair:2   | XOM: cast spell 'Summon Small Mammal'
 20387 | Lair:3   | XOM: noise
 20415 | Lair:3   | XOM: scenery: create altars
 20422 | Lair:3   | XOM: enchant monster (good)
 20517 | Lair:3   | XOM: enchant monster (good)
 20524 | Lair:3   | XOM: polymorph cane toad -> river rat
 20526 | Lair:3   | XOM: destruction
 20568 | Lair:3   | XOM: god gift: lumpy dark potion {god gift}
 20576 | Lair:3   | XOM: summons friendly shadow imp
 20671 | Lair:3   | XOM: polymorph shadow imp -> lemure
 20688 | Lair:3   | XOM: 9-stop teleportation journey
 20715 | Lair:3   | XOM: god gift: 22 stones
 21065 | Lair:3   | XOM: potion effect (haste)
 21068 | Lair:3   | XOM: enchant monster (good)
 21177 | Lair:3   | XOM: enchant monster (good)
 21203 | Lair:3   | XOM: enchant monster (good)
 21234 | Lair:3   | XOM: cast spell 'Leda's Liquefaction'
 21315 | Lair:3   | Found a staircase to the Swamp.
 21399 | Lair:3   | XOM: god gift: scroll of enchant armour
 21488 | Lair:3   | XOM: scenery: create altars
 21489 | Lair:3   | Acquired 667 gold pieces
 21547 | Lair:3   | XOM: torment (58/114 hp)
 21602 | Lair:3   | XOM: scenery: summon butterflies
 21630 | Lair:3   | Identified the +0 leather armour "Ikixzy" {-Tele rPois rC+
                  | Int+4}
 21779 | D:3      | Bought the +9 plate armour "Biem" {rF- Str+4 Slay+5} for
                  | 1266 gold pieces
 21863 | D:8      | XOM: give mutation
 21863 | D:8      | Gained mutation: You heal very quickly. [Xom's mischief]
 21915 | D:10     | You paid a toll of the plate armour "Biem" to enter a
                  | treasure trove
 21916 | Trove    | Entered a treasure trove
 21935 | Trove    | Identified the +7 rapier of the Destroying Augurer {vorpal,
                  | Str+3}
 21954 | Trove    | Found the ring of the Mage {Wiz Will++ Int+3}
 21955 | Trove    | Identified the ring of Dacisat {Fire MP+9 Int+3 Dex+4}
 22084 | D:8      | XOM: noise
 22171 | Lair:3   | XOM: butterfly on damage
 22328 | Lair:4   | XOM: cloud trail
 22344 | Lair:4   | XOM: polymorph butterfly -> steam dragon
 22732 | Lair:4   | XOM: god gift: 20 arrows
 23079 | Lair:4   | Got the Grimoire of Ignition and Summoning
 23241 | Lair:4   | Reached skill level 10 in Shields
 23351 | Lair:5   | XOM: summons 3 friendly demons
 23355 | Lair:5   | XOM: snakes to sticks
 23388 | Lair:5   | Reached skill level 15 in Fighting
 23658 | Lair:5   | XOM: divination: magic mapping
 23671 | Lair:5   | XOM: confuse monster(s)
 23675 | Lair:5   | XOM: 1-stop teleportation journey
 23676 | Lair:5   | You fall into a shaft and drop 1 floor!
 23676 | Lair:6   | Entered Level 6 of the Lair of Beasts
 23708 | Lair:6   | XOM: enchant monster (good)
 23739 | Lair:6   | XOM: summons 5 hostile demons
 23792 | Lair:6   | XOM: confuse monster(s)
 23817 | Lair:6   | XOM: polymorph komodo dragon -> golden eye
 23858 | Lair:6   | XOM: fake destruction
 23873 | Lair:6   | XOM: noise
 23907 | Lair:6   | XOM: 1-stop teleportation journey
 23941 | Lair:6   | XOM: summons friendly ufetubus
 23984 | Lair:6   | Reached XP level 14. HP: 121/123 MP: 14/14
 24120 | Lair:6   | XOM: summons 7 hostile demons
 24267 | Lair:6   | XOM: noise
 24343 | Lair:6   | Noticed a dire elephant
 24414 | Lair:6   | XOM: summons 4 friendly demons
 24443 | Lair:6   | XOM: cast spell 'Summon Small Mammal'
 24451 | Lair:6   | XOM: scenery: 1 doors open, 3 doors close
 24499 | Lair:6   | Noticed a dire elephant
 24567 | Lair:6   | XOM: confuse monster(s)
 24569 | Lair:6   | XOM: destruction
 24572 | Lair:6   | XOM: cleaving
 24578 | Lair:6   | XOM: scenery: summon butterflies
 24589 | Lair:6   | XOM: summons 6 friendly demons
 24689 | Lair:6   | XOM: god gift: shiny ring mail {god gift}
 24806 | Lair:6   | XOM: swap monsters
 24877 | Lair:6   | XOM: cast spell 'Death Channel'
 25067 | Lair:5   | XOM: summons friendly iron imp
 25072 | Lair:5   | Identified the +4 spear "Bukli" {elec, *Rage MP+9}
 25137 | Lair:5   | XOM: potion effect (haste)
 25163 | Lair:5   | XOM: silly message
 25174 | Lair:5   | XOM: potion effect (brilliance)
 25175 | Lair:5   | XOM: confuse monster(s)
 25179 | Lair:5   | XOM: cast spell 'Summon Ice Beast'
 25244 | Lair:5   | XOM: destruction
 25265 | Lair:5   | XOM: polymorph yak -> shapeshifter
 25287 | Lair:4   | XOM: summons 8 hostile demons
 25290 | Lair:4   | XOM: fog
 25355 | Lair:5   | XOM: give mutation
 25355 | Lair:5   | Lost mutation: You have a pair of small horns on your head.
                  | [Xom's mischief]
 25401 | Lair:5   | Found a staircase to the Slime Pits.
 25522 | Lair:6   | XOM: draining
 25526 | Lair:6   | XOM: stat loss: -1 Int (10/11)
 25552 | Lair:6   | XOM: summons 1 hostile shadow creature
 25560 | Lair:6   | XOM: summons 2 friendly demons
 25570 | Lair:5   | HP: 1/106 [spectral death yak (30)]
 25570 | Lair:5   | Mangled by a spectral death yak

Illustrated notes

Levels and vault maps discovered:
D:1:      dpeg_arrival_tiny_f, layout_rooms, serial_shops, nicolae_square_shop
D:2:      layout_basic, wander_ebering_terrifying_dragon_lair, uniq_natasha
D:3:      layout_rooms, slow_altar_1, nicolae_uskayaw_en_pointe,
          nemelex_altar_shiori, basic_ecumenical_altar,
          ebering_ghost_inner_flame, serial_shops,
          nicolae_shop_temple_entry_statues_fountains, corner_web_ring,
          minivault_19, kennysheep_potato
D:4:      layout_rooms, serial_park_tiny_1, uniq_eustachio, uniq_duvessa,
          uniq_blork_the_orc
D:5:      layout_basic, mainiacjoe_overflow_surrounded_room, marbit_many_paths,
          old_standard_altar, lemuel_coloured_pillars_altar,
          minmay_temple_entry_trees, uniq_pikel
D:6:      cheibrodos_steamvent, layout_cave_pools, zin_treasury, serial_shops,
          nicolae_shop_crystal, shop, kennysheep_mini_moat
D:7:      layout_gridville, nicolae_overflow_crystal_walls, old_standard_altar,
          regret_index_temple_of_mockery, minmay_manual_maat
D:8:      layout_basic, nicolae_tso_besieged_by_evil, lair_entry_dummy
D:9:      layout_basic, ploomutoo_gammafunk_ghost_potion_laboratory
D:10:     layout_cave_pools, nicolae_trove_entry_free_sample,
          amcnicky_mini_rare_corridor_liquid
D:11:     layout_irregular_city, serial_column_ruins, column_ruins_open_small,
          column_ruins_grid_3, column_ruins_open_tiny_water,
          column_ruins_grid_3, column_ruins_open_large
D:12:     layout_small_grid, david_orc_5, uniq_josephine
Lair:1:   layout_roguey, serial_bayou, serial_bayou_lagoon_a,
          serial_bayou_shore_a, serial_bayou_crossing, serial_bayou_pond_e,
          serial_bayou_lake_a, serial_bayou_pond_c, lemuel_fruit_tree,
          infiniplex_staircase_pool
Lair:2:   layout_concentric_octagons, dummy_snake_entry, uniq_maggie
Lair:3:   layout_regular_city, minmay_swamp_entry_worms,
          grunt_forest_large_clearing_hut
Lair:4:   layout_cave_pods, lemuel_fruit_fields, grunt_megastairs_3
Lair:5:   layout_hall_layers, slime_dummy, grunt_megastairs_5,
          infiniplex_staircase_pool_2, lemuel_fruit_fields
Lair:6:   due_jungle_book, layout_regular_city

Skill      XL: |  1  2  3  4  5  6  7  8  9 10 11 12 13 14 |
---------------+-------------------------------------------+-----
Dodging        | 3 4 5 6 7 12 | 12.0
Polearms       | 5 6 7 8 11 12 | 12.0
Fighting       | 4 5 6 8 12 14 15 | 15.0
Armour         | 5 11 | 11.0
Shields        | 7 11 14 | 14.3

Action                   |  1- 3 |  4- 6 |  7- 9 | 10-12 | 13-15 || total
-------------------------+-------+-------+-------+-------+-------++-------
Melee: Spear             |   106 |   219 |   284 |  1247 |  1445 ||  3301
       Headbutt          |       |       |    20 |   257 |   349 ||   626
       Tailslap          |       |       |       |    10 |     1 ||    11
Throw: Boomerang         |       |     4 |       |       |       ||     4
       Dart              |       |     1 |       |       |     1 ||     2
Evoke: Wand              |       |       |       |    18 |     5 ||    23
       Phantom mirror    |       |       |       |     1 |       ||     1
  Use: Scroll            |       |       |     3 |    18 |    11 ||    32
       Potion            |       |       |     2 |    10 |     1 ||    13
 Stab: Confused          |       |     1 |     1 |    12 |     9 ||    23
       Paralysed         |       |       |     2 |    13 |    10 ||    25
       Sleeping          |       |       |     1 |       |     1 ||     2
       Petrifying        |       |       |     2 |       |     4 ||     6
       Distracted        |       |       |       |     1 |     5 ||     6
       Invisible         |       |       |       |     8 |     4 ||    12
       Petrified         |       |       |       |     2 |       ||     2
Armor: Leather armour    |    23 |       |    12 |       |       ||    35
       Ring mail         |     6 |    43 |    50 |   219 |   216 ||   534
       Skin              |       |       |       |    63 |       ||    63
Dodge: Dodged            |    40 |    73 |   113 |   460 |   516 ||  1202
Block: Kite shield       |       |       |       |     7 |   559 ||   566

Table legend: (Time is in decaauts)
 A = Elapsed time spent in this place.
 B = Non-inter-level travel time spent in this place.
 C = Inter-level travel time spent in this place.
 D = Time resting spent in this place.
 E = Time spent auto-exploring this place.
 F = Levels seen in this place.
 G = Mean time per level.
                   A        B        C        D        E       F      G
               +--------+--------+--------+--------+--------+-----+--------+
         Total |  24027 |  22352 |   1675 |     22 |  17968 |  19 | 1264.6 |
       Dungeon |  16738 |  15538 |   1200 |     22 |  13016 |  12 | 1394.8 |
          Lair |   7169 |   6695 |    474 |      0 |   4874 |   6 | 1194.8 |
         Trove |    119 |    119 |      0 |      0 |     77 |   1 |  119.0 |
               +--------+--------+--------+--------+--------+-----+--------+

Top non-repeatable levels by time:
     D:9: 2731 daAuts
    D:11: 2139 daAuts
     D:5: 1944 daAuts
    D:12: 1939 daAuts
     D:7: 1738 daAuts
  Lair:1: 1653 daAuts
  Lair:3: 1420 daAuts
  Lair:2: 1319 daAuts
     D:4: 1207 daAuts
  Lair:6: 1029 daAuts
  Lair:4: 963 daAuts
    D:10: 950 daAuts
     D:8: 948 daAuts
     D:3: 857 daAuts
     D:2: 857 daAuts
